 Dungeon Crawl Stone Soup version 0.22.1-6-g1668fe2c40 (webtiles) character file.

27 Kohma the Sneak (level 3, -1/16 HPs)
             Began as a Vine Stalker Enchanter on Jan 21, 2019.
             Slain by a giant cockroach (2 damage)
             ... on level 1 of the Dungeon.
             The game lasted 00:02:51 (1027 turns).

Kohma the Sneak (Vine Stalker Enchanter)            Turns: 1027, Time: 00:02:52

Health: -1/16      AC:  2    Str: 10    XL:     3   Next: 10%
Magic:  0/7        EV: 12    Int: 15    God:
Gold:   72         SH:  0    Dex: 15    Spells: 4/7 levels left

rFire    . . .     SeeInvis .   a - +1 dagger
rCold    . . .     Gourm    .   (no shield)
rNeg     . . .     Faith    .   b - +0 robe
rPois    .         Spirit   +   (no helmet)
rElec    .         Reflect  .   (no cloak)
rCorr    .         Harm     .   (no gloves)
MR       .....                  (no boots)
Stlth    +++.......             (no amulet)
HPRegen  0.05/turn              (no ring)
MPRegen  0.10/turn              (no ring)

@: very slightly contaminated
A: fangs 2, magic shield, antimagic bite, no potion heal 3, rot immunity
a: no special abilities


You were on level 1 of the Dungeon.
You were hungry.

You visited 1 branch of the dungeon, and saw 1 of its levels.

You collected 72 gold pieces.

Inventory:

Hand Weapons
 a - a +1 dagger (weapon)
Armour
 b - a +0 robe (worn)
Scrolls
 c - a scroll of fog {unknown}
 e - a scroll of enchant weapon {unknown}
 g - 2 scrolls of teleportation {unknown}
 i - a scroll of immolation {unknown}
 j - a scroll of identify {unknown}
Potions
 h - a potion of haste {unknown}
Comestibles
 d - a ration
 f - 8 chunks of flesh


   Skills:
 + Level 1.3 Short Blades
 - Level 1.5 Dodging
 - Level 4.0 Stealth
 + Level 2.5 Spellcasting
 * Level 3.5 Hexes


You had 4 spell levels left.
You knew the following spells:

 Your Spells              Type           Power        Failure   Level  Hunger
a - Corona                Hex            ##.....      4%          1    #......
b - Ensorcelled Hibernat  Hex/Ice        #.....       16%         2    ###....

Your spell library contained the following spells:

 Spells                   Type           Power        Failure   Level  Hunger
 Confuse                  Hex            ##......     16%         3    ###....
 Tukima's Dance           Hex            ##......     16%         3    ###....
 Dazzling Spray           Conj/Hex       #.....       30%         3    ###....


Dungeon Overview and Level Annotations

Branches:
Dungeon (1/15)

Altars:


Innate Abilities, Weirdness & Mutations

You have extremely sharp teeth.
When hurt, damage is shared between your health and your magic reserves.
Your bite disrupts and absorbs the magic of your enemies.
Potions cannot restore your health.
You are immune to rotting.


Message History

The leopard gecko misses you. The leopard gecko bites you.
* * * LOW HITPOINT WARNING * * *
Casting: Ensorcelled Hibernation (safe; 16% risk of failure)
Confirm with . or Enter, or press ? or * to list all spells.
Aiming: Ensorcelled Hibernation (safe; 16% risk of failure)
Press: ? - help, Shift-Dir - straight line, f/p - leopard gecko
Aim: a leopard gecko (heavily wounded, clinging, chance to defeat MR: 56%)
You miscast Ensorcelled Hibernation.
You are very lightly contaminated with residual magic.
You feel uncomfortably cold. The leopard gecko closely misses you.
You closely miss the leopard gecko. Your bite misses the leopard gecko.
The leopard gecko is heavily wounded.
The leopard gecko misses you. The rat barely misses you.
The leopard gecko misses you. The leopard gecko bites you.
* * * LOW HITPOINT WARNING * * *
The giant cockroach bites you but does no damage.
The giant cockroach bites you.
You die...

#'###.## #.........##. #.##.##
#......##.... #.#.######
########'#####.... #.#.##...##
#...##....# #..... #.#.#.###.##
#######.#..###.....
#.'.#.#>##.####'.........#.+.s...
#.#.#.##.#.#......r.##...#.#.....
#.#.##..##.#....ls..##.........##
#.##.####.##....@...##...###...##
#.###....###........##...........
#'# ###### #.....................
..##### #.....................
......# #.....................
......#########'#.......#.......#
........................####....#
...................##...........#
#...................#...........#


You could see a leopard gecko, a giant cockroach and a rat.

Vanquished Creatures
  An ooze (D:1)
  A dart slug (D:1)
  3 leopard geckos (D:1)
  A bat (D:1)
  A giant cockroach (D:1)
  A goblin (D:1)
  2 hobgoblins (D:1)
  3 jackals (D:1)
  2 frilled lizards (D:1)
  A rat (D:1)
16 creatures vanquished.

Notes
Turn   | Place    | Note
-------+----------+-------------------------------------------
     0 | D:1      | Kohma the Vine Stalker Enchanter began the quest for the
                  | Orb.
     0 | D:1      | Reached XP level 1. HP: 9/9 MP: 4/4
   172 | D:1      | Reached skill level 1 in Short Blades
   222 | D:1      | Reached XP level 2. HP: 8/13 MP: 3/6
   226 | D:1      | Learned a level 2 spell: Ensorcelled Hibernation
   844 | D:1      | Reached skill level 4 in Stealth
   844 | D:1      | Reached XP level 3. HP: 7/16 MP: 1/7
  1027 | D:1      | Slain by a giant cockroach

Skill      XL: |  1  2 |
---------------+-------+-----
Short Blades   | 1 |  1.3
Stealth        | 4 |  4.0
Dodging        | |  1.5
Spellcasting   | |  2.5
Hexes          | |  3.5

Action                   || total
-------------------------++-------
Melee: Dagger            ||    48
       Bite              ||     8
 Cast: Ensorcelled Hiber ||     7
 Stab: Sleeping          ||     9
Armor: Robe              ||     7
Dodge: Dodged            ||    26
